 Dungeon Crawl Stone Soup version 0.24.0-37-gcf1ca852f1 (webtiles) character file.

Game seed: 1838863911643215914, levelgen mode: deterministic

20 Belius the Skirmisher (level 3, 29/30 HPs)
             Began as a Formicid Abyssal Knight on Dec 6, 2019.
             Was a Follower of Lugonu.
             Got out of the dungeon alive.
             The game lasted 00:01:06 (832 turns).

Belius the Skirmisher (Formicid Abyssal Knight)      Turns: 832, Time: 00:01:07

Health: 29/30      AC:  3    Str: 16    XL:     3   Next: 0%
Magic:  4/4        EV: 11    Int: 11    God:    Lugonu [*.....]
Gold:   103        SH:  0    Dex: 11    Spells: 2/2 levels left

rFire    . . .     SeeInvis +   a - +1 falchion
rCold    . . .     Gourm    .   (no shield)
rNeg     . . .     Faith    .   b - +0 leather armour
rPois    .         Spirit   .   (helmet unavailable)
rElec    .         Reflect  .   (no cloak)
rCorr    .         Harm     .   (no gloves)
MR       .....                  (no boots)
Stlth    +.........             (no amulet)
HPRegen  0.10/turn              (no ring)
MPRegen  0.09/turn              (no ring)

@: no status effects
A: permanent stasis, dig shafts and tunnels, four strong arms, antennae 3
a: Dig, Shaft Self, Depart the Abyss, Renounce Religion


You escaped.
You worshipped Lugonu.
Lugonu was aware of your devotion.
You were not hungry.

You visited 1 branch of the dungeon, and saw 1 of its levels.
You visited the Abyss 1 time.

You collected 103 gold pieces.

Inventory:

Hand Weapons
 a - a +1 falchion (weapon)
Armour
 b - a +0 leather armour (worn)
Jewellery
 f - an uncursed ring of ice {unknown}
Scrolls
 e - 2 scrolls of remove curse {unknown}
 g - 2 scrolls of enchant weapon {unknown}
 h - a scroll of identify {unknown}
Potions
 d - a potion of heal wounds {unknown}
 i - a potion of flight {unknown}
 j - a potion of agility {unknown}
Comestibles
 c - 2 rations


   Skills:
 + Level 3.8 Fighting
 + Level 2.5 Long Blades
 + Level 2.3 Armour
 + Level 0.8 Dodging
 + Level 2.2 Invocations


You had 2 spell levels left.
You didn't know any spells.
Your spell library was empty.

Dungeon Overview and Level Annotations

Branches:
Dungeon (1/15)

Altars:


Innate Abilities, Weirdness & Mutations

You cannot be hasted, slowed, berserked, paralysed or teleported.
You can dig through walls and to a lower floor.
Your four strong arms can wield two-handed weapons with a shield.
You have a pair of large antennae on your head. (SInv)


Message History

You hit the ooze.
You kill the ooze!
Lugonu accepts your kill.
You have reached level 3!
Your experience leads to an increase in your attributes!
Increase (S)trength, (I)ntelligence, or (D)exterity?
Uppercase letters only, please.
You feel agile.
Save game and exit? [Y]es or [N]o only, please.
Save game and exit? [Y]es or [N]o only, please.
Save game and exit? [Y]es or [N]o only, please.
Save game and exit?
Okay, then.
Unknown command.
There is a staircase leading out of the dungeon here.
Are you sure you want to leave the Dungeon?
This will make you lose the game!
You have escaped!

### ..####### ........#
........# #.......#
####### #...†...#
######.....# #.......#
#..........# #.......#
#.....@....# #.......#
#..........########
#.......#
#................>#
###....##
#....8.....######.#
.......#
#...♣......######.#####
.#.....#
#.....................#
##.....#
#...........#####.###.#
##.....####...........#
#.#....
.......'..#...........##
#...#.#


There were no monsters in sight!

Vanquished Creatures
  An ooze (D:1)
  A dart slug (D:1)
  A bat (D:1)
  2 hobgoblins (D:1)
  A frilled lizard (D:1)
  2 goblins (D:1)
  4 kobolds (D:1)
  3 rats (D:1)
15 creatures vanquished.

Notes
Turn   | Place    | Note
-------+----------+-------------------------------------------
     0 | Abyss:1  | Belius the Formicid Abyssal Knight began the quest for the
                  | Orb.
     0 | Abyss:1  | Reached XP level 1. HP: 18/18 MP: 2/2
    14 | Abyss:1  | Found a stormy altar of Qazlal.
    24 | Abyss:1  | Found a viscous altar of Jiyva.
    66 | Abyss:1  | Noticed a large abomination
    72 | Abyss:1  | Noticed a small abomination
    76 | D:1      | Escaped the Abyss
   336 | D:1      | Reached XP level 2. HP: 20/24 MP: 3/3
   393 | D:1      | Reached * piety under Lugonu
   787 | D:1      | Reached XP level 3. HP: 24/30 MP: 4/4
   832 | D:$      | Got out of the dungeon alive.

Levels and vault maps discovered:
D:1:      wander_arrival_peaceful_grave, layout_basic, serial_park_tiny_2

Action                   || total
-------------------------++-------
Melee: Falchion          ||    25
Invok: Depart the Abyss  ||     1
Armor: Leather armour    ||     4
Dodge: Dodged            ||    16
       Rpst.: Falchion   ||     3
